 Dungeon Crawl Stone Soup version 0.30-a0-726-gd89dcf765f (webtiles) character file.

Game seed: 211474174032231188

40 Legacy the Trooper (level 3, -3/36 HPs)
             Began as a Minotaur Berserker on Jan 29, 2023.
             Was a Believer of Trog.
             Slain by a gnoll
             ... wielding a +0 spear
              (5 damage)
             ... on level 2 of the Dungeon.
             The game lasted 00:02:01 (716 turns).

Legacy the Trooper (Minotaur Berserker)              Turns: 716, Time: 00:02:01

Health: -3/36      AC:  8    Str: 23    XL:     3   Next: 30%
Magic:  2/2        EV:  8    Int:  4    God:    Trog [**....]
Gold:   85         SH:  0    Dex:  9    Spells: 2/2 levels left

rFire   . . .      SeeInvis .    b - +0 war axe
rCold   . . .      Faith    .    (no shield)
rNeg    . . .      Spirit   .    i - +0 chain mail
rPois   .          Reflect  .    (helmet restricted)
rElec   .          Harm     .    (no cloak)
rCorr   .          Rampage  .    (no gloves)
Will    +....                    (no boots) Stlth
                                 (no amulet)
HPRegen 0.26/turn                g - ring of willpower
MPRegen 0.08/turn                (no ring)

@: no status effects
A: horns 2, retaliatory headbutt
a: Renounce Religion, Berserk, Trog's Hand


You were on level 2 of the Dungeon.
You worshipped Trog.
Trog was pleased with you.
You visited 1 branch of the dungeon, and saw 2 of its levels.

You collected 85 gold pieces.

Inventory:

Hand Weapons
 b - a +0 war axe (weapon)
Armour
 i - a +0 chain mail (worn)
Jewellery
 d - an amulet of magic regeneration
 g - a ring of willpower (left hand)
Scrolls
 a - 2 scrolls of teleportation {unknown}
 c - a scroll of identify {unknown}
 e - a scroll of magic mapping {unknown}
 h - 2 scrolls of amnesia {unknown}
Potions
 f - a potion of berserk rage {unknown}
 j - a potion of invisibility {unknown}


   Skills:
 + Level 5.4 Fighting
 - Level 3.6 Axes
 - Level 2.4 Armour
 - Level 2.1 Dodging


You had 2 spell levels left.
You didn't know any spells.
Your spell library was empty.

Dungeon Overview and Level Annotations

Branches:
Dungeon (2/15)

Altars:

Annotations:
D:2 Terence


Innate Abilities, Weirdness & Mutations

You have a pair of horns on your head.
You reflexively headbutt those who attack you in melee.


Message History

The frilled lizard hisses angrily. x3; Terence shouts!
You hear an angry hiss. x2
The gnoll hits you with a +0 flail! The gnoll hits you but does no damage.
A frilled lizard comes into view.
The endoplasm jiggles.
There is an open door, spattered with blood here.
You closely miss the gnoll. Your punch misses the gnoll.
The gnoll barely misses you. The gnoll hits you but does no damage.
A frilled lizard comes into view.
You barely miss the gnoll. You headbutt the gnoll.
The gnoll is lightly wounded.
You barely miss the gnoll. The gnoll hits you with a +0 flail.
The gnoll barely misses you.
The gnoll hits you from afar with a +0 spear.
The gnoll hits you but does no damage. The endoplasm freezes you.
You are frozen.
The gnoll hits you but does no damage. The gnoll barely misses you.
You slash the gnoll!
The gnoll is almost dead.
You slash the gnoll! You slash the endoplasm!
You kill the endoplasm!
Trog accepts your kill. The gnoll hits you with a +0 club!
The gnoll hits you but does no damage. The gnoll closely misses you.
A frilled lizard comes into view.
You hit the gnoll but do no damage.
The gnoll is almost dead.
You closely miss Terence. You slash the gnoll!
You kill the gnoll!
Trog accepts your kill. The gnoll hits you with a +0 flail.
The gnoll barely misses you. Terence hits you with a +0 morningstar!
* * * LOW HITPOINT WARNING * * *
You slash the gnoll!
You kill the gnoll!
Trog accepts your kill.
You hit Terence but do no damage. The gnoll hits you but does no damage.
Terence closely misses you. You furiously retaliate!
You headbutt Terence!
The gnoll hits you from afar with a +0 spear.
You die...

# ## ## #. .#..# .#
.#####.#..#. ..#
#........#.. ..#
#.....l..l.. ###..
#....gl.l# ##...
#..))@ll.# ... #@#
#'# ###.#####
#.###### #.......###
#......# #.......'.#
#).....# #.......#.#
#......#
#.......#.###......#
#...[...#..........#
############...#####
#.........#


You could see Terence, a gnoll and 6 frilled lizards.

Vanquished Creatures
  2 gnolls (D:2)
  A dart slug (D:1)
  4 bats
  5 endoplasms
  2 giant cockroaches
  2 goblins (D:1)
  2 hobgoblins
  2 ball pythons (D:1)
  A frilled lizard (D:1)
  2 kobolds
  6 rats
29 creatures vanquished.

Vanquished Creatures (others)
  A plant (D:2)
1 creature vanquished.

Grand Total: 30 creatures vanquished

Notes
Turn   | Place    | Note
-------+----------+-------------------------------------------
     0 | D:1      | Legacy the Minotaur Berserker began the quest for the Orb.
     0 | D:1      | Reached XP level 1. HP: 19/19 MP: 0/0
    77 | D:1      | Reached skill level 4 in Fighting
   147 | D:1      | Reached XP level 2. HP: 22/28 MP: 1/1
   596 | D:2      | Reached skill level 5 in Fighting
   598 | D:2      | Reached ** piety under Trog
   671 | D:2      | Reached XP level 3. HP: 36/36 MP: 2/2
   711 | D:2      | Noticed Terence
   715 | D:2      | HP: 1/36 [Terence/+0 morningstar (10)]
   716 | D:2      | Slain by a gnoll

Illustrated notes

Levels and vault maps discovered:
D:1:      dpeg_arrival_rooms_a, layout_rooms
D:2:      minmay_diamond_boxcup, layout_basic, minmay_lizard_king, uniq_terence

Skill      XL: |  1  2 |
---------------+-------+-----
Fighting       | 4 5 |  5.4
Axes           | |  3.6
Armour         | |  2.4
Dodging        | |  2.1

Action                     || total
---------------------------++-------
  Melee: Hand axe          ||    10
         Headbutt          ||     7
         Punch             ||     1
         War axe           ||    24
 Armour: Animal skin       ||     4
         Ring mail         ||     2
         Chain mail        ||    26
  Dodge: Dodged            ||    35

Table legend: (Time is in decaauts)
 A = Elapsed time spent in this place.
 B = Non-inter-level travel time spent in this place.
 C = Inter-level travel time spent in this place.
 D = Time resting spent in this place.
 E = Time spent auto-exploring this place.
 F = Levels seen in this place.
 G = Mean time per level.
                   A        B        C        D        E       F      G
               +--------+--------+--------+--------+--------+-----+--------+
         Total |    723 |    593 |    130 |      0 |      0 |   2 |  361.5 |
       Dungeon |    723 |    593 |    130 |      0 |      0 |   2 |  361.5 |
               +--------+--------+--------+--------+--------+-----+--------+

Top non-repeatable levels by time:
     D:1: 576 daAuts
     D:2: 147 daAuts
